 Dungeon Crawl Stone Soup version 0.28.0-43-g3370ac3207 (webtiles) character file.

Game seed: 2930736251996457582

12704 funkygono the Thaumaturge (level 12, -27/76 HPs)
             Began as a Djinni Fire Elementalist on Mar 2, 2022.
             Was an Elder of Elyvilon.
             Annihilated by a boulder beetle (31 damage)
             ... on level 1 of the Lair of Beasts.
             The game lasted 00:26:56 (17130 turns).

funkygono the Thaumaturge (DjFE)                   Turns: 17130, Time: 00:26:57

Health: -27/76     AC: 14    Str:  7    XL:     12   Next: 23%
Gold:   490        EV: 13    Int: 22    God:    Elyvilon [****..] SH:  0 Dex: 14

rFire   + + +      SeeInvis .   q - +3 falchion (vorpal)
rCold   x x .      Faith    .   (no shield)
rNeg    . . .      Spirit   .   A - +2 leather armour {Will+}
rPois   ∞          Reflect  .   b - +1 helmet
rElec   .          Harm     .   e - +0 cloak
rCorr   .          Rampage  .   o - +1 pair of gloves
Will    ++...                   (boots unavailable)
Stlth   ++........              (no amulet)
HPRegen 0.22/turn               j - +4 ring of protection
MPRegen 0.00/turn               B - ring of fire

@: flying
A: sickness immunity, fire resistance 2, cold vulnerability 1, float, innate
caster, HP casting, extra vitality 1
a: Renounce Religion, Purification, Heal Other, Heal Self


You were on level 1 of the Lair of Beasts.
You worshipped Elyvilon.
Elyvilon was greatly pleased with you.
You visited 3 branches of the dungeon, and saw 12 of its levels.
You also visited: Ice Cave.

You collected 490 gold pieces.

Inventory:

Hand Weapons
 q - a +3 vorpal falchion (weapon)
 v - a +5 scimitar
Missiles
 c - 146 stones
Armour
 b - a +1 helmet (worn)
 e - a +0 cloak (worn)
 o - a +1 pair of gloves (worn)
 A - a +2 leather armour of willpower (worn)
Jewellery
 j - a +4 ring of protection (left hand)
 w - a ring of wizardry
 B - a ring of fire (right hand)
 G - a ring of resist corrosion
Wands
 m - a wand of flame (53)
 y - a wand of iceblast (13)
 C - a wand of paralysis (9)
Scrolls
 d - a scroll of enchant armour
 t - 3 scrolls of magic mapping
 z - a scroll of teleportation
Potions
 a - a potion of degeneration {unknown}
 f - 2 potions of attraction
 g - a potion of berserk rage
 h - 2 potions of haste
 i - a potion of invisibility
 n - a potion of lignification
 r - a potion of might
 D - a potion of cancellation {unknown}
Miscellaneous
 I - a phantom mirror


   Skills:
 + Level 2.6 Fighting
 + Level 3.1 Long Blades
 + Level 3.5 Armour
 + Level 5.1 Dodging
 - Level 1.5 Stealth
 + Level 13.5 Spellcasting


You had 10 spell levels left.
You knew the following spells:

 Your Spells              Type           Power      Damage    Failure   Level
a - Foxfire               Conj/Fire      100%       2x1d9     1%          1
b - Scorch                Fire           100%       2d10      1%          2
c - Conjure Flame         Conj/Fire      84%        6-21      1%          3
d - Inner Flame           Hex/Fire       84%        N/A       1%          3
e - Flame Wave            Conj/Fire      84%        2d15      1%          4
f - Freeze                Ice            100%       1d11      1%          1
g - Ensorcelled Hibernat  Hex/Ice        100%       N/A       1%          2
h - Dazzling Flash        Conj/Hex       100%       N/A       1%          3
i - Animate Armour        Summ/Erth      100%       N/A       1%          4
j - Lightning Bolt        Conj/Air       32%        1d50      1%          5
Your spell library was empty.

Dungeon Overview and Level Annotations

Branches:
Dungeon (10/15)            Temple (1/1) D:5            Lair (1/6) D:8
    Orc (0/2) D:10          IceCv (visited)

Altars:
Ashenzari
Cheibriados
Dithmenos
Elyvilon
Fedhas
Gozag
Hepliaklqana
Kikubaaqudgha
Makhleb
Nemelex Xobeh
Okawaru
Qazlal
Ru
Sif Muna
Trog
Uskayaw
Vehumet
Wu Jian
Xom
Yredelemnul
Zin
The Shining One

Shops:
D:6 =

Annotations:
D:9 1 runed translucent door, exclusion: ice statue, diceflayer's ghost, novice NaGl


Innate Abilities, Weirdness & Mutations

You are immune to sickness and miasma.
You are immune to poison.
Your flesh is very heat resistant. (rF++)
You are vulnerable to cold. (rC-)
You float through the air rather than walking.
You learn spells naturally, not from books.
Your magical power is your life essence.
You have superior vitality. (+4 MHP)


Message History

The water moccasin is lightly wounded.
The boulder beetle curls into a ball and begins rolling!
The foxfire hits the water moccasin!
The water moccasin is moderately wounded.
The foxfire hits the water moccasin.
The water moccasin is heavily wounded.
The foxfire hits the water moccasin!
The water moccasin is severely wounded.
Casting: Foxfire (safe; 1% risk of failure)
Confirm with . or Enter, or press ? or * to list all spells.
You feel a surge of power!
You conjure some foxfire!
The water moccasin bites you.
Casting: Foxfire (safe; 1% risk of failure)
Confirm with . or Enter, or press ? or * to list all spells.
You feel a surge of power!
You conjure some foxfire!
The foxfire hits the water moccasin.
The water moccasin is almost dead.
The foxfire hits the water moccasin!
You kill the water moccasin!
The boulder beetle hits you!!!
Ouch! That really hurt!
* * * LOW HITPOINT WARNING * * *
The boulder beetle stops rolling and uncurls.
Casting: Foxfire (safe; 1% risk of failure)
Confirm with . or Enter, or press ? or * to list all spells.
You feel a surge of power!
Flames lash the boulder beetle.
The boulder beetle is heavily wounded.
The boulder beetle's fire resistance burns away.
* * * LOW HITPOINT WARNING * * *
The foxfire hits the boulder beetle!
The boulder beetle is burned terribly!
The boulder beetle is severely wounded.
The foxfire hits the boulder beetle but does no damage.
The boulder beetle is severely wounded.
The boulder beetle closely misses you.
The boulder beetle waves its antennae.
The boulder beetle is no longer more vulnerable to fire.
The boulder beetle leaps!
The boulder beetle curls into a ball and begins rolling!
The boulder beetle hits you!!
You die...

.# #...#####..!F..,,,,,,,,,,,,,
.######..# #..........,,,,,,,,,
.##.##...# #..........,,,,,,,,,
.........# #..........,,,,,,,,,
..####...#####...°......,,,,,,,,*
..## ##..†......°.......,,,,,,,,*
..P# #........○................#
..## ##.........B...............#
..# #..........@...............#
..# ##.........................#
..# #......(...................
..# #...................>......
..#####................[.........
..........##.##.................#
.........#####..........#####P.##
..#####).## ##..........# ##.#
..# ##..# #.##P.##..## #.#


You could see a boulder beetle (rolling).

Vanquished Creatures
  A centaur warrior (D:8)
  A two-headed ogre (D:10)
  A cyclops (D:8)
  A black mamba (Lair:1)
  Joseph (D:7)
  2 gargoyles
  Psyche (D:8)
  2 unseen horrors
  2 rime drakes (Lair:1)
  5 ice devils (D:9)
  A troll (D:9)
  2 shadows
  2 wyverns
  A steam dragon (D:7)
  Menkaure (D:4)
  6 vampire mosquitoes
  Edmund (D:4)
  2 acid dragons (D:8)
  Duvessa (D:6)
  A two-headed ogre zombie (D:10)
  3 orc warriors
  5 water moccasins
  3 sky beasts (D:5)
  A black bear (Lair:1)
  2 ice beasts
  A necrophage (D:8)
  2 hornet zombies
  An ogre (D:4)
  3 phantoms
  3 centaurs
  A kobold brigand (D:8)
  A two-headed ogre simulacrum (IceCv)
  7 bullfrogs
  2 gnoll sergeants (D:9)
  A scorpion (D:5)
  A water moccasin zombie (D:6)
  Dowan (D:5)
  2 troll zombies (D:10)
  16 wights
  2 howler monkeys
  A centaur zombie (D:9)
  4 jellies
  Crazy Yiuf (D:6)
  A bullfrog skeleton (D:5)
  An orc priest (D:10)
  5 hounds
  Ijyb (D:4)
  Natasha (thrice) (D:2)
  2 iguanas (D:5)
  10 orc wizards
  A polar bear simulacrum (IceCv)
  2 spriggan simulacra (IceCv)
  5 ogre zombies (D:10)
  14 gnolls
  2 naga simulacra (IceCv)
  7 adders
  A shadow imp (D:7)
  2 white imps
  10 ufetubi
  An adder skeleton (D:4)
  2 worms
  4 dart slugs
  30 orcs
  3 bats
  12 endoplasms
  4 giant cockroaches
  2 goblins
  7 hobgoblins
  4 quokkas
  7 ball pythons
  6 frilled lizards
  2 goblin skeletons (D:10)
  A goblin zombie (D:10)
  2 hobgoblin skeletons (D:10)
  2 hobgoblin zombies (D:10)
  10 kobolds
  An orc skeleton (D:10)
  17 orc zombies (D:10)
  4 rats
287 creatures vanquished.

Vanquished Creatures (others)
  A human (D:5)
  1194 foxfires
  A fungus (Lair:1)
1196 creatures vanquished.

Grand Total: 1483 creatures vanquished

Notes
Turn   | Place    | Note
-------+----------+-------------------------------------------
     0 | D:1      | funkygono the Djinni Fire Elementalist began the quest for
                  | the Orb.
     0 | D:1      | Reached XP level 1. HP: 15/15 MP: 0/0
   378 | D:1      | Reached XP level 2. HP: 20/21 MP: 0/0
   595 | D:1      | Found a faded altar of an unknown god.
   622 | D:1      | Reached skill level 3 in Spellcasting
   751 | D:1      | Reached XP level 3. HP: 22/25 MP: 0/0
   751 | D:1      | Learned a level 1 spell: Freeze
  2332 | D:2      | Reached XP level 4. HP: 29/31 MP: 0/0
  2561 | D:2      | Noticed Natasha
  2575 | D:2      | Killed Natasha
  2839 | D:2      | Noticed Natasha
  2872 | D:2      | Killed Natasha
  2873 | D:2      | Reached skill level 4 in Spellcasting
  2873 | D:2      | Reached XP level 5. HP: 31/35 MP: 0/0
  2873 | D:2      | Learned a level 2 spell: Ensorcelled Hibernation
  2968 | D:2      | Noticed Natasha
  3006 | D:2      | Killed Natasha
  3067 | D:3      | Found a glowing golden altar of the Shining One.
  3658 | D:3      | Reached XP level 6. HP: 39/40 MP: 0/0
  3677 | D:3      | Found an opulent altar of Gozag.
  4100 | D:4      | Noticed Menkaure
  4105 | D:4      | Killed Menkaure
  4106 | D:4      | Reached skill level 5 in Spellcasting
  4353 | D:4      | Reached XP level 7. HP: 41/45 MP: 0/0
  4353 | D:4      | Learned a level 3 spell: Dazzling Flash
  4418 | D:4      | Found a sacrificial altar of Ru.
  4839 | D:4      | Noticed Edmund
  4858 | D:4      | Killed Edmund
  4859 | D:4      | Reached skill level 6 in Spellcasting
  5188 | D:4      | Noticed Ijyb
  5197 | D:4      | Killed Ijyb
  5449 | D:5      | Entered Level 5 of the Dungeon
  5504 | D:5      | Reached XP level 8. HP: 36/50 MP: 0/0
  5810 | D:5      | Reached skill level 7 in Spellcasting
  5864 | D:5      | Found a staircase to the Ecumenical Temple.
  6138 | Temple   | Entered the Ecumenical Temple
  6649 | D:5      | Noticed a wyvern
  6653 | D:5      | Killed a wyvern
  6654 | D:5      | Reached skill level 8 in Spellcasting
  6796 | D:5      | Noticed a human
  6799 | D:5      | Killed a human
  6810 | D:5      | Found a bloodstained altar of Trog.
  6814 | D:5      | Found a white marble altar of Elyvilon.
  6820 | D:5      | Found a shadowy altar of Dithmenos.
  6822 | D:5      | Became a worshipper of Elyvilon the Healer
  6826 | D:5      | Found a snail-covered altar of Cheibriados.
  6832 | D:5      | Found a hide-covered altar of Uskayaw.
  6951 | D:5      | Reached XP level 9. HP: 51/55 MP: 0/0
  6951 | D:5      | Learned a level 4 spell: Animate Armour
  7396 | D:6      | Noticed Dowan
  7397 | D:6      | Reached skill level 9 in Spellcasting
  7397 | D:6      | Noticed Duvessa
  7716 | D:6      | Killed Duvessa
  7722 | D:5      | Killed Dowan
  8465 | D:6      | Found Esei's Jewellery Boutique.
  8580 | D:6      | Reached skill level 10 in Spellcasting
  8720 | D:6      | Found a runed translucent door.
  8721 | D:6      | Noticed Crazy Yiuf
  8727 | D:6      | Killed Crazy Yiuf
  8898 | D:6      | Reached XP level 10. HP: 48/61 MP: 0/0
  9341 | D:7      | Killed an unseen horror
  9342 | D:7      | Reached skill level 1 in Fighting
  9627 | D:7      | Noticed Joseph
  9629 | D:7      | Reached skill level 11 in Spellcasting
  9636 | D:7      | HP: 3/62 [Joseph/sling bullet (7)]
  9937 | D:7      | Killed Joseph
 10188 | D:7      | Found an iron altar of Okawaru.
 10381 | D:8      | Reached * piety under Elyvilon
 10397 | D:8      | Noticed Psyche
 10402 | D:8      | Killed Psyche
 10629 | D:8      | Found a staircase to the Lair.
 10831 | D:8      | Noticed a cyclops
 10843 | D:8      | Killed a cyclops
 10855 | D:8      | Noticed a gargoyle
 10867 | D:8      | Elyvilon protects you from harm!
 10868 | D:8      | Killed a gargoyle
 10869 | D:8      | Reached XP level 11. HP: 10/67 MP: 0/0
 10869 | D:8      | Learned a level 5 spell: Lightning Bolt
 11168 | D:8      | Reached ** piety under Elyvilon
 11431 | D:8      | Noticed a centaur warrior
 11442 | D:8      | Killed a centaur warrior
 11443 | D:8      | Reached skill level 1 in Armour
 11443 | D:8      | Reached skill level 12 in Spellcasting
 12908 | D:9      | Found a runed translucent door.
 12909 | D:9      | Noticed diceflayer's ghost (novice NaGl)
 12911 | D:9      | Noticed a boulder beetle
 13669 | D:9      | Reached *** piety under Elyvilon
 14125 | D:9      | Reached skill level 13 in Spellcasting
 14406 | D:10     | Entered Level 10 of the Dungeon
 14683 | D:10     | Found a sparkling altar of Nemelex Xobeh.
 14786 | D:10     | Noticed a two-headed ogre
 14791 | D:10     | Killed a two-headed ogre
 15249 | D:10     | Reached skill level 1 in Long Blades
 15249 | D:10     | Reached skill level 5 in Dodging
 15249 | D:10     | Reached XP level 12. HP: 62/74 MP: 0/0
 15518 | D:10     | Found a staircase to the Orcish Mines.
 16272 | Lair:1   | Entered Level 1 of the Lair of Beasts
 16354 | Lair:1   | Found a frozen archway.
 16585 | IceCv    | Entered an ice cave
 16671 | IceCv    | Elyvilon protects you from harm!
 16675 | IceCv    | HP: 2/76 [ice devil (22)]
 16678 | IceCv    | Elyvilon protects you from harm!
 17069 | Lair:1   | Reached **** piety under Elyvilon
 17102 | Lair:1   | Noticed a boulder beetle
 17130 | Lair:1   | Annihilated by a boulder beetle

Illustrated notes

Levels and vault maps discovered:
D:1:      psy_arrival_wood_between_worlds, layout_basic,
          ebering_ecumenical_altar_hall, skrybe_limestone_x, minmay_pentomino_s4
D:2:      layout_basic, uniq_natasha
D:3:      layout_loops_ring, grunt_gozag_breadcrumbs,
          mainiacjoe_overflow_alcove_2
D:4:      layout_basic, mainiacjoe_overflow_six_doors_small,
          kennysheep_minor_cross, minmay_door_square, corexii_hall_statues_u,
          chequers_serial_rivers_micro_a,
          nicolae_concentric_dashed_squares_mild, uniq_ijyb, uniq_edmund,
          uniq_menkaure
D:5:      layout_basic, nicolae_overflow_hallway_of_the_gods, tgw_kikubaaqudgha,
          minmay_temple_entry_crystal_x, minivault_24, grunt_decor_resistance,
          corexii_leaking_fountain
D:6:      layout_rooms, serial_shops, nicolae_inconvenience_store,
          uniq_crazy_yiuf_cottage, uniq_duvessa
D:7:      layout_basic, nicolae_overflow_hidden_temple, uniq_joseph
D:8:      hangedman_cross_stitches, layout_layer_cave, lair_entry_dummy,
          chequers_serial_rivers_micro_d, columned_hall_lemuel, uniq_psyche
D:9:      cheibrodos_frozen_isle, layout_cave_pools, ebering_ghost_inner_flame,
          grunt_ministairs_7
D:10:     layout_irregular_city, nemelex_spade_bored_becter, zombieorc2_lemuel
Temple:   zaba_magenta_temple
Lair:1:   layout_small_grid, portal_ice_cave_rime, minmay_lair_oklob_bushes

Skill      XL: |  1  2  3  4  5  6  7  8  9 10 11 12 |
---------------+-------------------------------------+-----
Spellcasting   | 3 4 5 6 8 10 11 13 | 13.5
Dodging        | 3 4 5 |  5.1
Fighting       | 1 2 |  2.6
Armour         | 3 |  3.5
Long Blades    | 1 3 |  3.1
Stealth        | |  1.5

Action                   |  1- 3 |  4- 6 |  7- 9 | 10-12 || total
-------------------------+-------+-------+-------+-------++-------
Melee: Falchion          |       |     1 |     3 |    89 ||    93
       Punch             |       |       |       |     1 ||     1
 Cast: Foxfire           |    55 |    78 |   134 |   425 ||   692
       Scorch            |     7 |     7 |    36 |    49 ||    99
       Dazzling Flash    |       |       |     1 |       ||     1
       Flame Wave        |       |       |     6 |     5 ||    11
       Inner Flame       |       |       |       |     1 ||     1
       Lightning Bolt    |       |       |       |    24 ||    24
  Use: Scroll            |       |     5 |     5 |    11 ||    21
       Potion            |       |       |       |     2 ||     2
Armor: Robe              |     4 |       |    25 |    11 ||    40
       Leather armour    |       |       |       |    91 ||    91
Dodge: Dodged            |     7 |     6 |    54 |   129 ||   196
